[Event "DVM U10 2024"]
[Site "Duesseldorf"]
[Date "2024.12.29"]
[Round "7"]
[White "Liu, Yichen"]
[Black "Thirumal, Shravan"]
[Result "0-1"]
[ECO "C45"]
[WhiteElo "1500"]
[BlackElo "1614"]
[Annotator "NA"]
[PlyCount "102"]
[EventDate "2024.12.23"]
[EventType "team-tourn"]
[EventRounds "7"]
[EventCountry "GER"]
[SourceTitle "playchess.com"]
[Source "ChessBase"]
[SourceQuality "1"]
[TimeControl "3300+5"]

1. e4 e5 2. Nf3 Nc6 3. d4 exd4 4. Nxd4 Bc5 5. Be3 Qf6 6. c3 Nge7 7. Bb5 a6 8. Ba4 b5 9. Bb3 O-O 10. O-O d6 11. Nxc6 Nxc6 12. Bxc5 dxc5 13. Qe2 c4 14. Bc2 Bb7 15. Nd2 Rad8 16. Nf3 Rfe8 17. Rad1 h6 18. Rfe1 Ne5 19. Rxd8 Rxd8 20. Nxe5 Qxe5 21. f3 Qf4 22. Qe3 Qxe3+ 23. Rxe3 Rd2 24. Kf1 Rxc2 25. Re2 Rxe2 26. Kxe2 c5 27. Ke3 f6 28. Kf4 Kf7 29. Kf5 Bc8+ 30. Kf4 g5+ 31. Ke3 a5 32. Kd2 Ke6 33. g3 Ke5 34. Ke3 Bh3 35. Kf2 b4 36. Ke2 Bg2 37. Kf2 Bh1 38. Ke2 a4 39. a3 h5 40. Kf2 g4 41. fxg4 hxg4 42. Ke3 Bxe4 43. Kd2 Bd3 44. Ke3 f5 45. Kf2 Ke4 46. Ke1 Ke3 47. Kd1 b3 48. Kc1 Ke2 49. h4 gxh3 50. g4 h2 51. gxf5 h1=R# 0-1

[Event "DVM U10 2024"]
[Site "Duesseldorf"]
[Date "2024.12.29"]
[Round "7"]
[White "Hu, Yinuo"]
[Black "Mayer, Frederik Eliot"]
[Result "1-0"]
[ECO "B13"]
[WhiteElo "1495"]
[BlackElo "1128"]
[Annotator "NA"]
[PlyCount "123"]
[EventDate "2024.12.23"]
[EventType "team-tourn"]
[EventRounds "7"]
[EventCountry "GER"]
[SourceTitle "playchess.com"]
[Source "ChessBase"]
[SourceQuality "1"]
[TimeControl "3300+5"]

1. e4 c6 2. d4 d5 3. exd5 cxd5 4. c3 Nc6 5. Nf3 Bg4 6. Be2 Nf6 7. O-O e6 8. Bf4 Bd6 9. Be3 O-O 10. Nbd2 Re8 11. Re1 h6 12. h3 Bh5 13. Nf1 Bxf3 14. Bxf3 Qc7 15. Bd2 Rad8 16. a3 Ne7 17. g3 Ng6 18. Bg2 e5 19. dxe5 Bxe5 20. Nh2 d4 21. Qc2 Rc8 22. Rac1 b6 23. Nf3 dxc3 24. Bxc3 Bxc3 25. Rxe8+ Nxe8 26. Qxc3 Qxc3 27. Rxc3 Rxc3 28. bxc3 Nd6 29. Nd4 Nc4 30. a4 Kf8 31. Kf1 Ke7 32. Nc6+ Kd6 33. Nxa7 Kc5 34. Nb5 Nge5 35. Ke2 Nb2 36. f4 Nec4 37. g4 Nxa4 38. Nc7 Nxc3+ 39. Kd3 Na4 40. Na6+ Kb5 41. Nc7+ Kb4 42. Na6+ Kb3 43. Bd5 Nab2+ 44. Kd4 f6 45. h4 g6 46. g5 fxg5 47. h5 gxh5 48. f5 g4 49. f6 g3 50. f7 g2 51. Bxg2 Nd6 52. f8=Q Nb5+ 53. Ke3 Nd1+ 54. Kd2 Nd4 55. Qb4+ Ka2 56. Qxd4 Nb2 57. Nb4+ Ka1 58. Nc2+ Ka2 59. Bd5+ Kb1 60. Qg1+ Nd1 61. Qxd1+ Kb2 62. Qa1# 1-0

[Event "DVM U10 2024"]
[Site "Duesseldorf"]
[Date "2024.12.29"]
[Round "7"]
[White "Graf, Tom"]
[Black "Zhu, Elias"]
[Result "1-0"]
[ECO "B06"]
[WhiteElo "1456"]
[BlackElo "934"]
[Annotator "NA"]
[PlyCount "61"]
[EventDate "2024.12.23"]
[EventType "team-tourn"]
[EventRounds "7"]
[EventCountry "GER"]
[SourceTitle "playchess.com"]
[Source "ChessBase"]
[SourceQuality "1"]
[TimeControl "3300+5"]

1. e4 g6 2. d4 Bg7 3. Nf3 e6 4. Nc3 Ne7 5. Bd3 d6 6. Be3 Nd7 7. O-O h6 8. Qd2 a6 9. Rfe1 b6 10. Rad1 Bb7 11. Be2 c6 12. h3 g5 13. Nh2 Ng6 14. Bh5 Qf6 15. Ng4 Qe7 16. Bxg6 fxg6 17. d5 cxd5 18. exd5 e5 19. Qd3 Qf7 20. Ne4 Qe7 21. Qa3 Nc5 22. Bxc5 bxc5 23. Qb3 Rb8 24. Qa4+ Qd7 25. Nef6+ Bxf6 26. Nxf6+ Kf7 27. Qxd7+ Kxf6 28. Re3 e4 29. Rxe4 Rhd8 30. Qe7+ Kf5 31. g4# 1-0

[Event "DVM U10 2024"]
[Site "Duesseldorf"]
[Date "2024.12.29"]
[Round "7"]
[White "Aslanov, Kamran"]
[Black "Hübner, Jakob"]
[Result "0-1"]
[ECO "B44"]
[WhiteElo "1451"]
[BlackElo "1045"]
[Annotator "NA"]
[PlyCount "48"]
[EventDate "2024.12.23"]
[EventType "team-tourn"]
[EventRounds "7"]
[EventCountry "GER"]
[SourceTitle "playchess.com"]
[Source "ChessBase"]
[SourceQuality "1"]
[TimeControl "3300+5"]

1. e4 c5 2. Nf3 e6 3. d4 cxd4 4. Nxd4 Nc6 5. Nxc6 bxc6 6. Nc3 Qc7 7. Be2 Nf6 8. Bg5 Be7 9. Bxf6 Bxf6 10. O-O O-O 11. Qd2 d5 12. exd5 exd5 13. Rad1 Re8 14. Rfe1 Qb6 15. Rb1 Rb8 16. Bf3 Ba6 17. Be2 Bxe2 18. Rxe2 Rxe2 19. Qxe2 Bxc3 20. Qf3 Bf6 21. g4 Qc7 22. Re1 h6 23. b3 Qa5 24. Ra1 Bxa1 0-1

[Event "DVM U10 2024"]
[Site "Duesseldorf"]
[Date "2024.12.29"]
[Round "7"]
[White "Essers, Mathilda Marie"]
[Black "Schubert, Anton"]
[Result "0-1"]
[ECO "D00"]
[WhiteElo "1435"]
[BlackElo "824"]
[Annotator "NA"]
[PlyCount "164"]
[EventDate "2024.12.23"]
[EventType "team-tourn"]
[EventRounds "7"]
[EventCountry "GER"]
[SourceTitle "playchess.com"]
[Source "ChessBase"]
[SourceQuality "1"]
[TimeControl "3300+5"]

1. d4 d5 2. Nf3 Bf5 3. c3 e6 4. Bf4 Nf6 5. e3 c5 6. Nbd2 Nc6 7. Be2 Be7 8. O-O O-O 9. h3 Qd7 10. Ne5 Nxe5 11. Bxe5 Ne4 12. Nxe4 Bxe4 13. a3 b6 14. b4 Rfc8 15. Qd2 h6 16. Rfc1 Bd6 17. Bxd6 Qxd6 18. bxc5 bxc5 19. Bd3 Bxd3 20. Qxd3 Rab8 21. Rcb1 c4 22. Qc2 a6 23. Rxb8 Rxb8 24. a4 a5 25. Rb1 h5 26. Rxb8+ Qxb8 27. Qd1 Qb3 28. Qa1 Kh7 29. Kh2 h4 30. g3 hxg3+ 31. Kxg3 Kh6 32. f4 Qc2 33. h4 Qd2 34. Kf3 Kh5 35. Qg1 Kh6 36. Qa1 Qd3 37. Qc1 Kh5 38. Qg1 Kh6 39. Qe1 Qe4+ 40. Kg3 e5 41. fxe5 Kh5 42. Kh3 Qg4+ 43. Kh2 Qxh4+ 44. Qxh4+ Kxh4 45. Kg2 g5 46. Kg1 Kg4 47. Kg2 Kf5 48. Kg3 f6 49. exf6 Kxf6 50. Kg4 Kg6 51. Kf3 Kf5 52. Kg3 Ke4 53. Kf2 g4 54. Kg3 Kxe3 55. Kxg4 Kd3 56. Kf5 Kxc3 57. Ke5 Kd3 58. Kxd5 c3 59. Ke5 c2 60. d5 c1=Q 61. d6 Qc5+ 62. Ke6 Qc8+ 63. Ke7 Kd4 64. d7 Qc7 65. Ke8 Qc6 66. Ke7 Qa8 67. Ke6 Qd8 68. Kd6 Kc4 69. Ke6 Kb4 70. Kd6 Kxa4 71. Kc6 Kb4 72. Kd6 a4 73. Ke6 a3 74. Kd6 a2 75. Kc6 a1=Q 76. Kd6 Qd1+ 77. Ke5 Q8xd7 78. Ke4 Qe7+ 79. Kf4 Qf1+ 80. Kg3 Qg7+ 81. Kh2 Qff8 82. Kh3 Qfh8# 0-1

[Event "DVM U10 2024"]
[Site "Duesseldorf"]
[Date "2024.12.29"]
[Round "7"]
[White "Lüttgen, Jona"]
[Black "Wilting, Oskar"]
[Result "1/2-1/2"]
[ECO "B41"]
[WhiteElo "1412"]
[BlackElo "1454"]
[Annotator "NA"]
[PlyCount "78"]
[EventDate "2024.12.23"]
[EventType "team-tourn"]
[EventRounds "7"]
[EventCountry "GER"]
[SourceTitle "playchess.com"]
[Source "ChessBase"]
[SourceQuality "1"]
[TimeControl "3300+5"]

1. e4 c5 2. Nf3 e6 3. Be2 a6 4. c4 Nc6 5. d4 cxd4 6. Nxd4 Qc7 7. O-O Nf6 8. Nc3 b6 9. Be3 Bb7 10. Na4 Nxe4 11. Bf3 Nxd4 12. Qxd4 Nc5 13. Bf4 d6 14. Bxb7 Qxb7 15. Nxc5 bxc5 16. Qc3 e5 17. Rfe1 Be7 18. Bd2 O-O 19. Qg3 Qxb2 20. Bh6 Bf6 21. Rad1 Rfd8 22. Re4 Qc2 23. Rde1 g6 24. Bg5 Bxg5 25. Qxg5 Rdb8 26. f3 Rb1 27. Qh6 Qxe4 28. fxe4 Rxe1+ 29. Kf2 Rxe4 30. Qc1 Rf4+ 31. Ke2 Rd4 32. Qc3 e4 33. Qb3 Re8 34. Qa4 Kf8 35. Qd7 e3 36. Qh3 Rd2+ 37. Ke1 Kg7 38. Qd7 Re6 39. a4 Rxg2 1/2-1/2

[Event "DVM U10 2024"]
[Site "Duesseldorf"]
[Date "2024.12.29"]
[Round "7"]
[White "Fabritius, Wolf"]
[Black "Barsov, Mikhail"]
[Result "1-0"]
[ECO "E14"]
[WhiteElo "1405"]
[BlackElo "1737"]
[Annotator "NA"]
[PlyCount "159"]
[EventDate "2024.12.23"]
[EventType "team-tourn"]
[EventRounds "7"]
[EventCountry "GER"]
[SourceTitle "playchess.com"]
[Source "ChessBase"]
[SourceQuality "1"]
[TimeControl "3300+5"]

1. d4 d5 2. Nf3 Nf6 3. c4 e6 4. e3 Be7 5. b3 O-O 6. Bd3 b6 7. O-O Bb7 8. Bb2 Nbd7 9. Nbd2 c5 10. cxd5 Nxd5 11. Qe2 cxd4 12. Nxd4 Nc5 13. Bc2 Bf6 14. Rac1 Rc8 15. Qg4 a5 16. a3 Ba6 17. Rfd1 Bd3 18. Bxd3 Nxd3 19. Rxc8 Qxc8 20. Ba1 Ne5 21. Qg3 Ng6 22. N2f3 Qc5 23. Bb2 Rc8 24. h3 Qe7 25. Qg4 Rc5 26. a4 Nb4 27. Ba3 Qc7 28. Nb5 Qc8 29. Bxb4 axb4 30. Qxb4 Be7 31. Qe1 h6 32. Nfd4 e5 33. Ne2 Bf6 34. Nec3 Qf5 35. Nd6 Qc2 36. Nce4 Rc6 37. Rb1 Be7 38. Qd1 Qxd1+ 39. Rxd1 Bxd6 40. Nxd6 Rc3 41. Rb1 Kf8 42. Nc4 b5 43. axb5 Ne7 44. Nxe5 Nc8 45. Nc4 Ke7 46. Kf1 Kd7 47. Ke1 Rc2 48. Rb2 Rc1+ 49. Ke2 Ra1 50. b6 Kc6 51. Ne5+ Kxb6 52. Nxf7 Rg1 53. Kf3 Ne7 54. e4 Ng6 55. g3 Re1 56. Re2 Rb1 57. Re3 Ne7 58. Nd6 Kc6 59. Nf5 Nxf5 60. exf5 Kd6 61. Kg4 Rf1 62. f4 Rd1 63. Kh5 Rh1 64. h4 Rd1 65. Kg6 Rd5 66. Re6+ Kd7 67. Kxg7 Rxf5 68. Rxh6 Rb5 69. Kf6 Rxb3 70. g4 Rb4 71. Kg5 Rb5+ 72. f5 Ke7 73. Re6+ Kf7 74. h5 Ra5 75. h6 Kg8 76. Kg6 Ra8 77. f6 Rf8 78. f7+ Kh8 79. Re8 Rxe8 80. fxe8=Q# 1-0

[Event "DVM U10 2024"]
[Site "Duesseldorf"]
[Date "2024.12.29"]
[Round "7"]
[White "Glaser-Gallion, Ludwig"]
[Black "Wittenberger, Henri"]
[Result "1-0"]
[ECO "B72"]
[WhiteElo "1358"]
[BlackElo "1421"]
[Annotator "NA"]
[PlyCount "97"]
[EventDate "2024.12.23"]
[EventType "team-tourn"]
[EventRounds "7"]
[EventCountry "GER"]
[SourceTitle "playchess.com"]
[Source "ChessBase"]
[SourceQuality "1"]
[TimeControl "3300+5"]

1. e4 c5 2. Nf3 d6 3. d4 cxd4 4. Nxd4 Nf6 5. Nc3 g6 6. Be3 Bg7 7. Bc4 O-O 8. O-O Nc6 9. Nxc6 bxc6 10. Bd4 Re8 11. Re1 c5 12. Be3 Rb8 13. Rb1 a6 14. e5 Ng4 15. e6 Bxe6 16. Bxe6 Nxe3 17. Bxf7+ Kxf7 18. Rxe3 Kg8 19. Qd5+ Kh8 20. Ne4 e6 21. Qxd6 Qxd6 22. Nxd6 Re7 23. Nc4 Rd7 24. g3 Rbd8 25. Rxe6 Rd1+ 26. Rxd1 Rxd1+ 27. Kg2 Bd4 28. c3 Rc1 29. Na3 Bxc3 30. bxc3 Rxc3 31. Re3 Rc1 32. Kf3 Rd1 33. Rc3 Rd6 34. Nc4 Rf6+ 35. Ke2 Rf7 36. Ne3 Rc7 37. Kd2 Rf7 38. f4 Rd7+ 39. Kc2 Rc7 40. Nd5 Rc6 41. Kb3 Rc8 42. Kc4 Rc6 43. Re3 Kg7 44. Re7+ Kh6 45. g4 a5 46. g5+ Kh5 47. Ne3 h6 48. Rh7 Rc7 49. Rxh6# 1-0

[Event "DVM U10 2024"]
[Site "Duesseldorf"]
[Date "2024.12.29"]
[Round "7"]
[White "Brucker, Oscar"]
[Black "Glavev, Victor"]
[Result "1-0"]
[ECO "D02"]
[WhiteElo "1291"]
[BlackElo "1443"]
[Annotator "NA"]
[PlyCount "61"]
[EventDate "2024.12.23"]
[EventType "team-tourn"]
[EventRounds "7"]
[EventCountry "GER"]
[SourceTitle "playchess.com"]
[Source "ChessBase"]
[SourceQuality "1"]
[TimeControl "3300+5"]

1. d4 d5 2. Bf4 Nf6 3. Nf3 e6 4. a3 a6 5. Nc3 Bd6 6. Bxd6 Qxd6 7. e3 O-O 8. Bd3 b6 9. e4 Nxe4 10. Nxe4 dxe4 11. Bxe4 Ra7 12. Qd3 f5 13. Bxf5 exf5 14. O-O Bb7 15. Ne5 Nc6 16. Qc4+ Kh8 17. Nf7+ Rxf7 18. Qxf7 Ra8 19. Rfe1 h6 20. c3 Na5 21. b4 Qc6 22. d5 Qc4 23. bxa5 bxa5 24. Re7 Qxc3 25. Rae1 a4 26. Re8+ Kh7 27. Qxf5+ g6 28. R1e7+ Qg7 29. Rxg7+ Kxg7 30. Qf8+ Kh7 31. Qh8# 1-0

[Event "DVM U10 2024"]
[Site "Duesseldorf"]
[Date "2024.12.29"]
[Round "7"]
[White "Götz, Georg"]
[Black "Jiang, Lucas"]
[Result "0-1"]
[ECO "C50"]
[WhiteElo "1284"]
[BlackElo "2261"]
[Annotator "ChessBase"]
[PlyCount "128"]
[EventDate "2024.12.23"]
[EventType "team-tourn"]
[EventRounds "7"]
[EventCountry "GER"]
[SourceTitle "playchess.com"]
[Source "ChessBase"]
[SourceQuality "1"]
[TimeControl "3300+5"]

1. e4 e5 2. Nf3 Nc6 3. Bc4 Bc5 4. d3 Nf6 5. Ng5 O-O 6. Nxf7 Rxf7 7. Bxf7+ Kxf7 8. Be3 Bb6 9. Nc3 d6 10. h3 Kg8 11. Bxb6 axb6 12. Ne2 Bd7 13. c3 Qe7 14. Ng3 Rf8 15. O-O Qf7 16. f4 Qg6 17. Kh2 Qh6 18. f5 d5 19. exd5 Nxd5 20. Qb3 Qd6 21. Ne4 Na5 22. Nxd6 Nxb3 23. axb3 cxd6 24. g4 h5 25. Kg3 hxg4 26. hxg4 Nf4 27. d4 g6 28. dxe5 dxe5 29. fxg6 Nxg6 30. Rxf8+ Kxf8 31. Re1 Ke7 32. g5 Bc6 33. c4 Ke6 34. Rf1 Nf4 35. Rxf4 exf4+ 36. Kxf4 Kf7 37. Ke5 b5 38. cxb5 Bxb5 39. Kd6 Kg6 40. Kc5 Bc6 41. b4 Kxg5 42. Kb6 Kf5 43. b5 Bh1 44. b4 Ke5 45. Kc5 Bd5 46. b6 Be6 47. b5 Bd7 48. Kb4 Kd4 49. Ka5 Kc5 50. Ka4 Kxb6 51. Kb4 Bxb5 52. Kc3 Kc5 53. Kb3 Bd3 54. Kc3 Kb5 55. Kxd3 Ka4 56. Kc2 Ka3 57. Kb1 b5 58. Ka1 Kb3 59. Kb1 b4 60. Ka1 Kc2 61. Ka2 b3+ 62. Ka1 b2+ 63. Ka2 b1=Q+ 64. Ka3 Qb3# 0-1

[Event "DVM U10 2024"]
[Site "Duesseldorf"]
[Date "2024.12.29"]
[Round "7"]
[White "Belyakov, Konstantin"]
[Black "Fischer, Emil Fiete"]
[Result "0-1"]
[ECO "C45"]
[WhiteElo "1251"]
[BlackElo "1050"]
[Annotator "NA"]
[PlyCount "168"]
[EventDate "2024.12.23"]
[EventType "team-tourn"]
[EventRounds "7"]
[EventCountry "GER"]
[SourceTitle "playchess.com"]
[Source "ChessBase"]
[SourceQuality "1"]
[TimeControl "3300+5"]

1. e4 e5 2. Nf3 Nc6 3. d4 exd4 4. Nxd4 Bc5 5. Be3 Qf6 6. c3 Bb6 7. Na3 Nge7 8. Qd2 O-O 9. Nxc6 dxc6 10. Bd3 Be6 11. O-O Qe5 12. Bf4 Qf6 13. g3 Bh3 14. Rfe1 Rfe8 15. Qe2 Nd5 16. Bd2 Qd6 17. Qf3 Ne7 18. Rad1 Ng6 19. Bc2 Ne5 20. Qf4 Bg4 21. Rc1 Nf3+ 22. Kg2 Nxe1+ 23. Rxe1 Qxf4 24. Bxf4 f5 25. Bb3+ Kh8 26. f3 Bh5 27. e5 Bg6 28. Nc4 Bc5 29. e6 Bf7 30. Re5 Bd6 31. Nxd6 cxd6 32. Re3 Bg8 33. Bxd6 Rad8 34. Ba3 Rd2+ 35. Kh3 b6 36. Re5 g6 37. c4 h6 38. Bb4 Rdd8 39. c5 b5 40. Ba5 Rb8 41. Bc7 Rb7 42. Bd6 a5 43. a3 a4 44. Ba2 Rbe7 45. Bxe7 Rxe7 46. f4 Kg7 47. Kg2 Kf6 48. Kf3 Bxe6 49. Bb1 Bd5+ 50. Ke3 Rxe5+ 51. fxe5+ Kxe5 52. Bd3 Be4 53. Bxe4 fxe4 54. h3 g5 55. h4 g4 56. h5 Kd5 57. Kf4 Kd4 58. Kxg4 e3 59. Kf5 e2 60. g4 e1=Q 61. g5 hxg5 62. Kxg5 Qh1 63. h6 Kxc5 64. Kg6 Kc4 65. h7 Kb3 66. Kg7 Kxb2 67. h8=Q Qxh8+ 68. Kxh8 c5 69. Kg7 c4 70. Kf6 c3 71. Ke5 c2 72. Kd4 c1=Q 73. Kd3 Qc2+ 74. Kd4 Qc3+ 75. Kd5 Qc4+ 76. Kd6 Kc3 77. Ke5 Qd4+ 78. Kf5 Qe3 79. Kf6 Qe4 80. Kg5 Qf3 81. Kg6 Qf4 82. Kg7 Qf5 83. Kg8 Qf6 84. Kh7 Qg5 0-1

[Event "DVM U10 2024"]
[Site "Duesseldorf"]
[Date "2024.12.29"]
[Round "7"]
[White "Frikel, Konstantin"]
[Black "von Gehlen, Samuel"]
[Result "1-0"]
[ECO "B14"]
[WhiteElo "1199"]
[BlackElo "1459"]
[Annotator "NA"]
[PlyCount "107"]
[EventDate "2024.12.23"]
[EventType "team-tourn"]
[EventRounds "7"]
[EventCountry "GER"]
[SourceTitle "playchess.com"]
[Source "ChessBase"]
[SourceQuality "1"]
[TimeControl "3300+5"]

1. e4 c6 2. d4 d5 3. exd5 cxd5 4. c4 Nf6 5. Nc3 Nc6 6. Bg5 e6 7. Nf3 Be7 8. Bd3 Qb6 9. Bxf6 Bxf6 10. cxd5 Qxb2 11. Rc1 Nxd4 12. Nxd4 Bxd4 13. Bb5+ Ke7 14. d6+ Kf8 15. O-O Bxc3 16. d7 Bxd7 17. Qxd7 g6 18. Qxb7 Kg7 19. Qc6 Rhc8 20. Qa6 Rab8 21. Bd3 Qb7 22. Qxb7 Rxb7 23. Ba6 Rbc7 24. Bxc8 Rxc8 25. Rfd1 Rc7 26. Rd3 Be5 27. Rxc7 Bxc7 28. Kf1 e5 29. Rd7 Bb6 30. f3 Kf6 31. h3 Kg7 32. Ke2 Kf6 33. Kd3 Ke6 34. Rb7 h5 35. Kc4 h4 36. Rb8 g5 37. Rc8 f6 38. Rc6+ Kf5 39. Kd3 Kg6 40. Ke4 Bd4 41. a4 Bb6 42. Rxb6 axb6 43. Kd5 Kf5 44. Kc6 Kf4 45. Kxb6 Kg3 46. a5 Kxg2 47. a6 Kxh3 48. a7 Kg3 49. a8=Q h3 50. Qe4 h2 51. Qg4+ Kf2 52. Qh3 Kg1 53. Qg3+ Kh1 54. Qf2 1-0

[Event "DVM U10 2024"]
[Site "Duesseldorf"]
[Date "2024.12.29"]
[Round "7"]
[White "Michelson, Nathan"]
[Black "Sriram, Yashasri"]
[Result "1-0"]
[ECO "C02"]
[WhiteElo "1198"]
[BlackElo "1520"]
[Annotator "NA"]
[PlyCount "85"]
[EventDate "2024.12.23"]
[EventType "team-tourn"]
[EventRounds "7"]
[EventCountry "GER"]
[SourceTitle "playchess.com"]
[Source "ChessBase"]
[SourceQuality "1"]
[TimeControl "3300+5"]

1. e4 e6 2. d4 d5 3. e5 c5 4. c3 Nc6 5. Nf3 Qb6 6. Be3 Qxb2 7. Nbd2 Qxc3 8. Rc1 Qa5 9. dxc5 Qc7 10. Bb5 Bd7 11. O-O Nge7 12. Nb3 Nf5 13. Nbd4 Nxe3 14. fxe3 Nxd4 15. Nxd4 Qxe5 16. Bxd7+ Kxd7 17. Qa4+ Kd8 18. c6 Qxe3+ 19. Kh1 Rc8 20. Qxa7 Qa3 21. cxb7 Qxc1 22. bxc8=Q+ Qxc8 23. Qb6+ Ke8 24. a4 Bc5 25. Qb5+ Kf8 26. Nxe6+ Qxe6 27. Qxc5+ Ke8 28. a5 Kd7 29. a6 Ra8 30. Qb5+ Ke7 31. Qb7+ Kd6 32. Qxa8 Qe2 33. Qd8+ Kc5 34. Rc1+ Kd4 35. a7 Qd2 36. Qh4+ Ke5 37. Qe1+ Qxe1+ 38. Rxe1+ Kd6 39. a8=Q d4 40. Qd8+ Kc5 41. Rc1+ Kb5 42. Qb8+ Ka5 43. Ra1# 1-0

[Event "DVM U10 2024"]
[Site "Duesseldorf"]
[Date "2024.12.29"]
[Round "7"]
[White "Zentgraf, Raphael"]
[Black "Hornych, Fridtjof"]
[Result "1-0"]
[ECO "D02"]
[WhiteElo "1175"]
[BlackElo "1053"]
[Annotator "NA"]
[PlyCount "125"]
[EventDate "2024.12.23"]
[EventType "team-tourn"]
[EventRounds "7"]
[EventCountry "GER"]
[SourceTitle "playchess.com"]
[Source "ChessBase"]
[SourceQuality "1"]
[TimeControl "3300+5"]

1. d4 d5 2. Nf3 Bf5 3. c3 Nf6 4. Bf4 e6 5. e3 c5 6. Bd3 Bxd3 7. Qxd3 Nc6 8. Nbd2 Qb6 9. Qc2 Be7 10. Ne5 Nxe5 11. Bxe5 O-O 12. Nf3 h6 13. O-O Rac8 14. Qd2 Ne4 15. Qe2 Bd6 16. Bxd6 Qxd6 17. Ne5 cxd4 18. exd4 a5 19. f3 Nf6 20. Rfc1 Nd7 21. Nxd7 Qxd7 22. Qe5 Rfd8 23. Rc2 Qd6 24. f4 Qxe5 25. fxe5 b5 26. a3 b4 27. axb4 axb4 28. Ra4 bxc3 29. bxc3 Ra8 30. Rca2 Rxa4 31. Rxa4 Rc8 32. Ra3 Kh7 33. Kf2 Kg6 34. Kf3 Kf5 35. g4+ Kg6 36. Kf4 Kh7 37. h4 g6 38. g5 Rb8 39. Ra7 hxg5+ 40. Kxg5 Kg7 41. h5 gxh5 42. Ra3 Rh8 43. Ra2 h4 44. Rh2 h3 45. Kg4 Kg6 46. Rxh3 Rxh3 47. Kxh3 Kf5 48. Kh4 Ke4 49. Kg5 Kd3 50. Kf6 Kxc3 51. Kxf7 Kxd4 52. Kxe6 Ke4 53. Kf6 d4 54. e6 d3 55. e7 d2 56. e8=Q+ Kf3 57. Qh5+ Kf2 58. Qd1 Ke3 59. Kg5 Kd3 60. Kf4 Kc3 61. Ke3 Kb2 62. Qxd2+ Kb1 63. Kd3 1-0

[Event "DVM U10 2024"]
[Site "Duesseldorf"]
[Date "2024.12.29"]
[Round "7"]
[White "Shandi, Hasan"]
[Black "Nikolic, Luka"]
[Result "1-0"]
[ECO "B12"]
[WhiteElo "1153"]
[BlackElo "1579"]
[Annotator "NA"]
[PlyCount "79"]
[EventDate "2024.12.23"]
[EventType "team-tourn"]
[EventRounds "7"]
[EventCountry "GER"]
[SourceTitle "playchess.com"]
[Source "ChessBase"]
[SourceQuality "1"]
[TimeControl "3300+5"]

1. e4 c6 2. d4 d5 3. e5 Bf5 4. h4 h5 5. Bd3 Bxd3 6. Qxd3 e6 7. Nf3 Ne7 8. Bg5 Qb6 9. Nbd2 Nd7 10. O-O O-O-O 11. c4 c5 12. cxd5 cxd4 13. d6 Nxe5 14. Nxe5 f6 15. dxe7 Bxe7 16. Nf7 fxg5 17. Nxh8 Rxh8 18. hxg5 Bxg5 19. Ne4 Bf4 20. Rfd1 e5 21. g3 Qg6 22. Kf1 Bg5 23. Nd6+ Qxd6 24. Qf5+ Qd7 25. Qxg5 Qh3+ 26. Ke2 Qg4+ 27. Qxg4+ hxg4 28. Kd3 Kd7 29. Ke4 Ke6 30. Rac1 g5 31. Rc5 d3 32. Rxd3 Kf6 33. Rd6+ Ke7 34. Kxe5 b6 35. Rc7+ Ke8 36. Rc8+ Ke7 37. Rxh8 a5 38. Rh7+ Ke8 39. Ke6 Kf8 40. Rd8# 1-0

[Event "DVM U10 2024"]
[Site "Duesseldorf"]
[Date "2024.12.29"]
[Round "7"]
[White "Tolle, Jonathan"]
[Black "Peters, Leopold"]
[Result "1/2-1/2"]
[ECO "C02"]
[WhiteElo "1149"]
[BlackElo "1701"]
[Annotator "NA"]
[PlyCount "118"]
[EventDate "2024.12.23"]
[EventType "team-tourn"]
[EventRounds "7"]
[EventCountry "GER"]
[SourceTitle "playchess.com"]
[Source "ChessBase"]
[SourceQuality "1"]
[TimeControl "3300+5"]

1. e4 e6 2. d4 d5 3. e5 c5 4. c3 Nc6 5. Nf3 Bd7 6. Be2 Qb6 7. O-O f6 8. Na3 a6 9. Nc2 fxe5 10. Nxe5 Nxe5 11. dxe5 Bb5 12. Rb1 Bxe2 13. Qxe2 Ne7 14. Bf4 Ng6 15. Bg3 O-O-O 16. a3 Be7 17. b4 Qc7 18. Rbc1 c4 19. Nd4 Qd7 20. Qg4 Rde8 21. Qe2 Bd8 22. Rfd1 h5 23. h3 Bc7 24. Nf3 Bd8 25. Qc2 Qf7 26. a4 b6 27. b5 a5 28. Nd4 Bc7 29. Re1 Rhf8 30. Qe2 Rh8 31. Nc6 Ne7 32. Nd4 Bd8 33. Bh4 Nf5 34. Nxf5 Qxf5 35. Bxd8 Rxd8 36. Red1 Rdf8 37. f3 Qg5 38. Qf2 Kc7 39. Re1 Rf5 40. Qe2 Rhf8 41. Kh2 Qf4+ 42. Kg1 Qg5 43. Rc2 Qf4 44. Rd2 Rg5 45. Rc2 Qxf3 46. Qxf3 Rxf3 47. h4 Rg4 48. Kh2 Rxh4+ 49. Kg1 Rf5 50. Rf2 Rhf4 51. Rxf4 Rxf4 52. g3 Rf3 53. Kg2 Rxc3 54. Rd1 Ra3 55. Rf1 Rxa4 56. Rf7+ Kd8 57. Rf8+ Ke7 58. Rg8 c3 59. Rc8 Rc4 1/2-1/2

[Event "DVM U10 2024"]
[Site "Duesseldorf"]
[Date "2024.12.29"]
[Round "7"]
[White "Gerhardt, Noah"]
[Black "Ju, Eric Zirui"]
[Result "0-1"]
[ECO "B22"]
[WhiteElo "1140"]
[BlackElo "1126"]
[Annotator "NA"]
[PlyCount "70"]
[EventDate "2024.12.23"]
[EventType "team-tourn"]
[EventRounds "7"]
[EventCountry "GER"]
[SourceTitle "playchess.com"]
[Source "ChessBase"]
[SourceQuality "1"]
[TimeControl "3300+5"]

1. e4 c5 2. c3 Nf6 3. d3 e6 4. Bf4 Nc6 5. c4 Qb6 6. Qd2 Be7 7. Nf3 d6 8. e5 dxe5 9. Bxe5 Nxe5 10. Nxe5 O-O 11. Be2 Qd6 12. Ng4 Nxg4 13. Bxg4 Bf6 14. Nc3 Qd4 15. Bf3 a6 16. O-O Rb8 17. Rab1 b5 18. cxb5 axb5 19. Ne2 Qd6 20. Rfd1 Rd8 21. Qc2 Ba6 22. Be4 Rbc8 23. Rd2 c4 24. Rdd1 Qb6 25. d4 h6 26. d5 exd5 27. Rxd5 Rxd5 28. Bxd5 Rd8 29. Rd1 Bb7 30. Bxb7 Rxd1+ 31. Qxd1 Qxb7 32. Qc2 Qd7 33. g3 Qd3 34. Qd1 Qd8 35. Qc2 Qd3 0-1

[Event "DVM U10 2024"]
[Site "Duesseldorf"]
[Date "2024.12.29"]
[Round "7"]
[White "Leppin, Mattis"]
[Black "Roessling, Johannes"]
[Result "1/2-1/2"]
[ECO "C24"]
[WhiteElo "1138"]
[BlackElo "1618"]
[Annotator "NA"]
[PlyCount "109"]
[EventDate "2024.12.23"]
[EventType "team-tourn"]
[EventRounds "7"]
[EventCountry "GER"]
[SourceTitle "playchess.com"]
[Source "ChessBase"]
[SourceQuality "1"]
[TimeControl "3300+5"]

1. e4 e5 2. Nf3 Nc6 3. Bc4 Nf6 4. d3 d5 5. exd5 Nxd5 6. Bxd5 Qxd5 7. Nc3 Qd8 8. Be3 Bg4 9. h3 Bh5 10. Qe2 Bd6 11. O-O-O Qe7 12. Nb5 Bb4 13. Bd2 Bxd2+ 14. Rxd2 O-O-O 15. Qe3 a6 16. Nc3 Rhe8 17. g4 Bg6 18. Re1 f6 19. Kb1 Qd7 20. Ne4 Nd4 21. c3 Nxf3 22. Qxf3 Qc6 23. Red1 Rd7 24. Qe3 Red8 25. f3 Qb5 26. Qa7 Re7 27. Qf2 Kb8 28. d4 Qc6 29. Qe3 f5 30. gxf5 Bxf5 31. dxe5 Red7 32. Ka1 Bxe4 33. fxe4 Rxd2 34. Rxd2 Rxd2 35. Qxd2 Qxe4 36. Qd8+ Ka7 37. Qd4+ Qxd4 38. cxd4 Kb6 39. Kb1 Kc6 40. Kc2 Kd5 41. b4 b6 42. Kc3 c5 43. e6 Kxe6 44. bxc5 bxc5 45. dxc5 Kd5 46. Kb4 Kc6 47. Ka5 Kxc5 48. Kxa6 Kb4 49. Kb6 g5 50. Kc6 h5 51. Kd5 g4 52. hxg4 hxg4 53. Ke4 Ka3 54. Kf4 Kxa2 55. Kxg4 1/2-1/2